 Dungeon Crawl Stone Soup version 0.24-a0-525-g9231cdcba1 (webtiles) character file.

Game seed: 846831304408312062

8322 roadtolairDD the Basher (level 11, 73/99 HPs)
             Began as a Deep Dwarf Transmuter on Aug 3, 2019.
             Was a Priest of Yredelemnul.
             Quit the game on level 1 of the Lair of Beasts.
             The game lasted 00:12:14 (8314 turns).

roadtolairDD the Basher (Deep Dwarf Transmuter)     Turns: 8314, Time: 00:12:15

Health: 73/99      AC: 22    Str: 18    XL:     11   Next: 8%
Magic:  15/15      EV:  9    Int: 16    God:    Yredelemnul [***...]
Gold:   478        SH:  5    Dex: 22    Spells: 13/13 levels left

rFire    . . .     SeeInvis +   K - +5 flail of Noon {freeze, rC+ MR++ Int+3 SInv}
rCold    + + +     Gourm    .   M - +0 buckler
rNeg     . . .     Faith    .   n - +1 chain mail {rC+}
rPois    +         Spirit   .   L - +0 helmet
rElec    .         Reflect  .   v - +2 cloak of Analysis {*Drain +Inv rPois Stlth-}
rCorr    .         Harm     .   (no gloves)
MR       +++..                  r - +2 pair of boots {Stlth+}
Stlth    ..........             t - amulet of the acrobat
HPRegen  0.00/turn              o - +3 ring of protection
MPRegen  0.14/turn              H - ring "Icsoef" {+Inv rC+ Dex+9}

@: non-regenerating
A: damage resistance, heal wounds, sense surroundings 2, no regeneration
a: Heal Wounds, Recall Undead Slaves, Injury Mirror, Animate Dead, Renounce
Religion, Evoke Invisibility


You were on level 1 of the Lair of Beasts.
You worshipped Yredelemnul.
Yredelemnul was most pleased with you.
You were not hungry.

You visited 2 branches of the dungeon, and saw 11 of its levels.

You collected 598 gold pieces.
You spent 120 gold pieces at shops.

Inventory:

Hand Weapons
 j - a +2 trident of flaming
 I - a +0 dire flail
 K - the +5 flail of Noon (weapon) {freeze, rC+ MR++ Int+3 SInv}
   (You found it on level 7 of the Dungeon)

   It has been specially enchanted to freeze those struck by it, causing extra
   injury to most foes and up to half again as much damage against particularly
   susceptible opponents.
   It can also slow down cold-blooded creatures.
   It affects your intelligence (+3).
   It protects you from cold.
   It affects your resistance to hostile enchantments.
   It lets you see invisible.
Missiles
 a - 142 arrows
 h - 140 stones (quivered)
 B - 3 throwing nets {!f}
Armour
 n - a +1 chain mail of cold resistance (worn)
 r - a +2 pair of boots of stealth (worn)
 v - the +2 cloak of Analysis (worn) {*Drain +Inv rPois Stlth-}
   (You found it on level 4 of the Dungeon)

   It protects you from poison.
   It lets you turn invisible.
   It causes draining when unequipped.
   It makes you less stealthy.
 L - a +0 helmet (worn)
 M - a +0 buckler (worn)
Jewellery
 k - an uncursed ring of see invisible
 o - a +3 ring of protection (left hand)
 t - an amulet of the acrobat (around neck)
 u - an uncursed ring of resist corrosion
 H - the ring "Icsoef" (right hand) {+Inv rC+ Dex+9}
   (You took it off an orc warrior on level 7 of the Dungeon)

   [ring of protection from cold]

   It affects your dexterity (+9).
   It protects you from cold.
   It lets you turn invisible.
Wands
 A - a wand of iceblast (17)
 D - a wand of paralysis (3)
 E - a wand of polymorph (20)
Scrolls
 b - a scroll of enchant weapon {unknown}
 c - 2 scrolls of remove curse {@r2}
 g - a scroll of immolation
 i - a scroll of silence {unknown}
 l - a scroll of magic mapping {@r5 !r}
 q - a scroll of amnesia
 s - 3 scrolls of teleportation {@r3 !r}
Potions
 d - 2 potions of brilliance
 f - 3 potions of curing {@q1 !q}
 m - 2 potions of magic
 p - a potion of invisibility
 w - 4 potions of heal wounds {@q2 !q}
 x - 2 potions of berserk rage
 z - a potion of resistance
 C - a potion of might {@q3 !q}
 G - a potion of flight
 N - 2 potions of lignification {unknown}
 O - a potion of agility {@q5 !q}
Comestibles
 e - 18 rations
 F - a chunk of flesh


   Skills:
 + Level 6.7 Fighting
 * Level 10.0 Maces & Flails
 + Level 7.6 Armour
 + Level 3.4 Dodging
 + Level 2.2 Shields
 - Level 2.6 Unarmed Combat
 - Level 1.7 Spellcasting
   Level 1.7 Transmutations
 + Level 8.6 Invocations
 + Level 7.8 Evocations


You had 13 spell levels left.
You didn't know any spells.
Your spell library contained the following spells:

 Spells                   Type           Power        Failure   Level  Hunger
 Beastly Appendage        Tmut           #.....       78%         1    ##.....
 Sticks to Snakes         Tmut           #.......     89%         2    ###....
 Spider Form              Tmut/Pois      #.........   99%         3    ####...
 Ice Form                 Ice/Tmut       #.......     100%        4    #####..
 Blade Hands              Tmut           #.........   100%        5    ######.
 Poison Arrow             Conj/Pois      #.........   100%        6    #######
 Chain Lightning          Conj/Air       #.........   100%        8    #######
 Lehudib's Crystal Spear  Conj/Erth      #.........   100%        8    #######
 Fire Storm               Conj/Fire      #.........   100%        9    #######
 Glaciate                 Conj/Ice       #.........   100%        9    #######


Dungeon Overview and Level Annotations

Branches:
Dungeon (10/15)            Temple (0/1) D:5            Lair (1/6) D:10
    Orc: D:9-12

Altars:
Kikubaaqudgha
Nemelex Xobeh
Ru
Sif Muna
Yredelemnul
Zin

Shops:
D:8 !   D:9 (


Innate Abilities, Weirdness & Mutations

You are resistant to damage.
You can heal yourself by infusing magical energy.
You passively map the area around you.
You do not regenerate.


Message History

A yak comes into view.
The yak bellows!
The yak moves out of view.
A porcupine comes into view.
The porcupine moves out of view.
The yak barely misses you.
Found a staircase to the Lair.
The yak gores your flying skull.
Your flying skull hits the yak.
A crocodile comes into view.
The yak barely misses your flying skull.
Your flying skull hits the yak!
Your flying skull hits the yak.
Your flying skull barely misses the yak.
Your flying skull barely misses the yak.
Your flying skull hits the yak.
The yak gores your flying skull!
Your flying skull barely misses the yak. x2
Your flying skull hits the yak.
The porcupine bites your flying skull!
Your flying skull is destroyed!
You swap places.
The yak completely misses you.
Your flying skull barely misses the yak.
Your flying skull hits the yak.
The porcupine bites your flying skull but does no damage.
You sock the yak! You freeze the yak.
You kill the yak!
Yredelemnul accepts your kill.
Your Maces & Flails skill increases to level 10!
The porcupine bites your flying skull!
You swap places.
Your flying skull hits the fungus.
Your flying skull barely misses the porcupine.
The porcupine bites you.
Your flying skull hits the fungus! x2
The fungus is destroyed!
The crocodile bites the plant.
You are struck by the porcupine's spines.
You sock the porcupine! You freeze the porcupine!
You kill the porcupine!
Yredelemnul accepts your kill. You block the crocodile's attack.
You hit the crocodile. You freeze the crocodile.
The crocodile is moderately wounded.
The crocodile bites you but does no damage.
Your flying skull completely misses the crocodile.
You hit the crocodile. You freeze the crocodile.
The crocodile is moderately wounded.
Your flying skull hits the crocodile!
The crocodile completely misses you.
Your flying skull completely misses the plant.
Your flying skull barely misses the crocodile.
Your flying skull closely misses the crocodile.
You hit the crocodile.
The crocodile seems to slow down.
You freeze the crocodile.
The crocodile is severely wounded.
Your flying skull hits the plant!
Your flying skull hits the crocodile!
Your flying skull completely misses the crocodile.
The crocodile bites you!
Your chain mail prevents you from hitting the crocodile.
The crocodile is almost dead.
The crocodile is no longer moving slowly.
Your flying skull hits the plant!
Your flying skull closely misses the crocodile.
Your flying skull barely misses the crocodile.
Your flying skull hits the plant.
Your flying skull hits the crocodile.
The crocodile dies!
Yredelemnul accepts your kill.
No target in view!
No target in view!
No target in view!
No target in view!
Your flying skull hits the plant but does no damage.
A porcupine comes into view.
Your flying skull hits the plant but does no damage.
Your flying skull hits the plant.
Your flying skull hits the fungus!
You hit the plant but do no damage.
The plant is heavily damaged.
Your flying skull hits the fungus.
The porcupine bites the fungus.
The fungus is destroyed!
You hit the fungus. You freeze the fungus.
You destroy the fungus!
You swap places.
Your flying skull hits the plant but does no damage.
Your flying skull completely misses the plant.
You sock the plant! You freeze the plant.
The plant is heavily damaged.
Your flying skull hits the plant but does no damage. x3
The porcupine bites your flying skull!
Your flying skull hits the plant!
Your flying skull hits the plant.
Your flying skull hits the plant.
Your flying skull hits the plant but does no damage. x2
Your flying skull hits the plant but does no damage. x2
Your flying skull hits the plant.
The porcupine closely misses your flying skull.
Your flying skull hits the plant!
Your flying skull hits the plant.
There is a staircase to the Lair here.
Your flying skull hits the plant but does no damage.
The porcupine closely misses your flying skull.
Your flying skull hits the plant but does no damage.
Your flying skull hits the plant.
Your flying skull hits the plant!
The plant is destroyed!
You climb downwards.
Welcome to the Lair of Beasts!
Found three items.
There is a staircase back to the Dungeon here.
Are you sure you want to abandon this character and quit the game? (Confirm with "yes".)

* , , , ##*
......... ,
#?.
......... ,
,, * ** *?..
...|....., *
,,, *, *
..###...#..
, , * * ,,
#........, ,
, , **
#......# .,,
, ,
#......#....
, ,, * *
*#@....#, ,
* , ,
#..#### * ,
, , ..## * ,
,, ,, ,,
*,...# , , ,
* , ,,*
.P... , * *,
, *,,#.....
, , ****
#..##. , ,
,* , #.., .#
* * ** * , *
*


There were no monsters in sight!

Vanquished Creatures
  Harold (D:8)
  Erica (D:8)
  2 cyclopes (D:7)
  A komodo dragon (D:7)
  2 trolls
  A hippogriff (D:7)
  A spriggan (D:9)
  A wyvern (D:9)
  6 yaks
  3 hungry ghosts
  2 porcupines (D:10)
  An orc warrior (D:3)
  2 sky beasts
  An ice beast (D:5)
  A phantom (D:6)
  2 necrophages
  3 ogres
  6 centaurs
  4 bullfrogs
  A water moccasin zombie (D:7)
  4 scorpions
  2 wights
  7 howler monkeys
  A bullfrog zombie (D:5)
  A centaur zombie (D:9)
  3 crimson imps
  A quasit (D:9)
  4 bullfrog skeletons
  3 hounds
  A centaur skeleton (D:5)
  An orc priest (D:7)
  2 gnoll shamans (D:9)
  5 iguanas
  Natasha (thrice) (D:3)
  6 orc wizards
  7 worker ants
  2 hound zombies
  11 adders
  8 gnolls (D:9)
  An ooze (D:4)
  An adder zombie (D:7)
  An adder skeleton (D:4)
  2 worms (D:3)
  3 dart slugs (D:1)
  5 leopard geckos
  18 orcs
  4 giant cockroaches
  13 goblins
  6 hobgoblins
  3 jackals (D:4)
  6 kobolds
  3 quokkas
  2 ball pythons
  10 bats
  3 frilled lizards
  A quokka skeleton (D:5)
  A quokka zombie (D:7)
  6 rats
  A spectral orc (D:2)
  A fungus (D:10)
205 creatures vanquished.

Vanquished Creatures (collateral kills)
  A porcupine (D:10)
  An orc warrior (D:7)
  A crocodile (D:10)
  A wight (D:7)
  A howler monkey (D:10)
  An orc (D:7)
  A fungus (D:10)
  A plant (D:10)
8 creatures vanquished.

Vanquished Creatures (others)
  A flying skull (D:10)
  7 fungi (D:10)
  6 plants (D:7)
14 creatures vanquished.

Grand Total: 227 creatures vanquished

Notes
Turn   | Place    | Note
-------+----------+-------------------------------------------
     0 | D:1      | roadtolairDD the Deep Dwarf Transmuter began the quest for
                  | the Orb.
     0 | D:1      | Reached XP level 1. HP: 16/16 MP: 3/3
    53 | D:1      | Reached skill level 1 in Fighting
   340 | D:1      | Reached XP level 2. HP: 21/26 MP: 4/4
   582 | D:1      | Reached skill level 1 in Armour
   951 | D:1      | Reached XP level 3. HP: 28/32 MP: 5/5
   982 | D:2      | Noticed a centaur
  1001 | D:2      | Killed a centaur
  1001 | D:2      | Reached skill level 2 in Maces & Flails
  1001 | D:2      | Reached XP level 4. HP: 31/40 MP: 6/6
  1856 | D:2      | Found a basalt altar of Yredelemnul.
  1869 | D:2      | Became a worshipper of Yredelemnul the Dark
  1968 | D:3      | Noticed a bullfrog
  1981 | D:3      | Killed a bullfrog
  1981 | D:3      | Reached skill level 3 in Maces & Flails
  1981 | D:3      | Reached skill level 1 in Invocations
  1981 | D:3      | Reached XP level 5. HP: 38/48 MP: 7/7
  2051 | D:3      | Noticed Natasha
  2062 | D:3      | Killed Natasha
  2207 | D:3      | Noticed Natasha
  2232 | D:3      | Killed Natasha
  2233 | D:3      | Noticed an orc warrior
  2269 | D:3      | Killed an orc warrior
  2269 | D:3      | Reached XP level 6. HP: 56/56 MP: 8/8
  2463 | D:3      | Noticed Natasha
  2471 | D:3      | Killed Natasha
  2471 | D:3      | Reached skill level 4 in Maces & Flails
  2572 | D:3      | Reached * piety under Yredelemnul
  2755 | D:3      | Found a sparkling altar of Nemelex Xobeh.
  2967 | D:4      | Got a smoking cloak
  3026 | D:4      | Identified the +2 cloak of Analysis {*Drain +Inv rPois
                  | Stlth-} (You found it on level 4 of the Dungeon)
  3185 | D:4      | Reached XP level 7. HP: 52/62 MP: 9/9
  3497 | D:4      | Reached skill level 1 in Evocations
  3656 | D:5      | Entered Level 5 of the Dungeon
  3739 | D:5      | Reached skill level 5 in Maces & Flails
  3802 | D:5      | Found a staircase to the Ecumenical Temple.
  4001 | D:5      | Reached XP level 8. HP: 70/72 MP: 10/10
  4681 | D:6      | Reached skill level 6 in Maces & Flails
  4832 | D:6      | Reached skill level 5 in Invocations
  5033 | D:7      | Noticed a troll
  5034 | D:7      | Noticed a komodo dragon
  5170 | D:7      | Reached skill level 5 in Armour
  5287 | D:7      | Noticed a cyclops
  5295 | D:7      | Killed a komodo dragon
  5306 | D:7      | Killed a cyclops
  5306 | D:7      | Reached skill level 5 in Fighting
  5306 | D:7      | Reached skill level 7 in Maces & Flails
  5306 | D:7      | Reached skill level 5 in Evocations
  5306 | D:7      | Gained mutation: You passively map the area around you.
                  | [Deep Dwarf growth]
  5306 | D:7      | Reached XP level 9. HP: 67/81 MP: 12/12
  5307 | D:7      | Reached ** piety under Yredelemnul
  5363 | D:7      | Killed a troll
  5373 | D:7      | Found a glowing silver altar of Zin.
  5374 | D:7      | Found an ancient bone altar of Kikubaaqudgha.
  5376 | D:7      | Found a deep blue altar of Sif Muna.
  5459 | D:7      | Found a sacrificial altar of Ru.
  5661 | D:7      | Identified the ring "Icsoef" {+Inv rC+ Dex+9}
  5662 | D:7      | Reached skill level 8 in Maces & Flails
  5699 | D:7      | Noticed a cyclops
  5714 | D:7      | Killed a cyclops
  6009 | D:7      | Got a polished flail
  6010 | D:7      | Identified the +5 flail of Noon {freeze, rC+ MR++ Int+3
                  | SInv} (You found it on level 7 of the Dungeon)
  6199 | D:8      | Reached XP level 10. HP: 88/91 MP: 13/13
  6365 | D:8      | Noticed Harold
  6379 | D:8      | Killed Harold
  6379 | D:8      | Reached skill level 9 in Maces & Flails
  6892 | D:8      | Found Juenebyd's Distillery.
  6906 | D:8      | Bought a potion of berserk rage for 75 gold pieces
  6906 | D:8      | Bought a potion of curing for 45 gold pieces
  6934 | D:8      | Noticed Erica
  6939 | D:8      | Killed Erica
  7266 | D:9      | Reached skill level 1 in Shields
  7327 | D:9      | Reached *** piety under Yredelemnul
  7330 | D:9      | Found Zodigrio's Antique Weapon Boutique.
  7802 | D:9      | Found an ancient bone altar of Kikubaaqudgha.
  8034 | D:10     | Entered Level 10 of the Dungeon
  8043 | D:10     | Reached XP level 11. HP: 98/99 MP: 15/15
  8043 | D:10     | Received a gift from Yredelemnul (4 flying skulls)
  8287 | D:10     | Found a staircase to the Lair.
  8292 | D:10     | Reached skill level 10 in Maces & Flails
  8313 | Lair:1   | Entered Level 1 of the Lair of Beasts
  8314 | Lair:1   | Quit the game

Levels and vault maps discovered:
D:1:      dpeg_arrival_tiny_a, layout_loops_corners
D:2:      layout_basic, yredelemnul_forgotten_temple_becter, minmay_tetromino_t4
D:3:      layout_basic, nemelex_spade_bored_becter, uniq_natasha
D:4:      layout_basic, first_ration
D:5:      layout_loops_ring, minmay_temple_entry_statues_pillars
D:6:      layout_loops_cross
D:7:      layout_basic, nicolae_ru_great_annihilating_truth,
          grunt_temple_overflow_open, minmay_shattered_shrine
D:8:      layout_basic, serial_shops, shop, uniq_harold, uniq_erica
D:9:      layout_stronghold, serial_shops, nicolae_shop_overgrown_old_shop,
          basic_altar, grunt_pizzeria
D:10:     layout_stronghold, due_lair_maze_entry_diamond
Lair:1:   beast_lair_carwin_large_2, layout_misc_corridors

Skill      XL: |  1  2  3  4  5  6  7  8  9 10 11 |
---------------+----------------------------------+-----
Fighting       | 1 2 3 4 5 6 |  6.7
Armour         | 1 2 3 4 5 6 7 |  7.6
Maces & Flails | 2 3 4 5 7 8 9 10 | 10.0
Invocations    | 1 2 4 5 7 8 |  8.6
Evocations     | 2 5 6 7 |  7.8
Shields        | 2 |  2.2
Dodging        | 3 |  3.4
Unarmed Combat | |  2.6
Spellcasting   | |  1.7
Transmutations | |  1.7

Action                   |  1- 3 |  4- 6 |  7- 9 | 10-12 || total
-------------------------+-------+-------+-------+-------++-------
Melee: Unarmed           |    25 |       |       |       ||    25
       Dagger            |    40 |       |       |       ||    40
       Mace              |    54 |   156 |       |       ||   210
       Flail             |       |    90 |   482 |   223 ||   795
       Punch             |       |       |     5 |     1 ||     6
       Dire flail        |       |       |    12 |       ||    12
 Cast: Beastly Appendage |     3 |       |       |       ||     3
Invok: Animate Remains   |       |       |     1 |       ||     1
 Abil: Heal Wounds       |     3 |     6 |     9 |     4 ||    22
Evoke: Wand              |       |       |     7 |    11 ||    18
  Use: Scroll            |     3 |     1 |     9 |     6 ||    19
       Potion            |     1 |     2 |       |       ||     3
 Stab: Paralysed         |       |       |    21 |       ||    21
  Eat: Ration            |       |     1 |     2 |       ||     3
       Chunk             |       |     5 |    10 |     9 ||    24
Armor: Robe              |     5 |       |       |       ||     5
       Plate armour      |    60 |   146 |       |       ||   206
       Chain mail        |       |    77 |   391 |   130 ||   598
Dodge: Dodged            |    48 |   106 |   267 |   100 ||   521
Block: Buckler           |       |       |       |    59 ||    59

Table legend:
 A = Non-vault XP
 B = Vault XP
 C = Vault XP percentage of total XP
 D = Non-vault monster count
 E = Vault monster count
 F = Vault count percentage of total count
                 A         B        C        D         E       F
            +---------+---------+-------+---------+---------+-------
      Total |    6758 |    5131 |  43.2 |     178 |      32 |  15.2
            +---------+---------+-------+---------+---------+-------
        D:1 |      42 |       0 |   0.0 |      21 |       0 |   0.0
        D:2 |     135 |       8 |   5.6 |       7 |       5 |  41.7
        D:3 |     405 |      35 |   8.0 |      34 |       1 |   2.9
        D:4 |     182 |       0 |   0.0 |      14 |       0 |   0.0
        D:5 |     754 |       0 |   0.0 |      11 |       0 |   0.0
        D:6 |     656 |      48 |   6.8 |       8 |       1 |  11.1
        D:7 |     876 |    2267 |  72.1 |      20 |      16 |  44.4
        D:8 |     740 |    1920 |  72.2 |      19 |       2 |   9.5
        D:9 |    2286 |     220 |   8.8 |      37 |       1 |   2.6
       D:10 |     682 |     633 |  48.1 |       7 |       6 |  46.2
            +---------+---------+-------+---------+---------+-------
